 Dungeon Crawl Stone Soup version 0.27-a0-1196-g3e9cee4cb2 (webtiles) character file.

Game seed: 2538530529699717862

13064 2tc the Cleaver (level 11, 0/94 HPs)
             Began as a Deep Dwarf Necromancer on May 27, 2021.
             Was a Priest of Yredelemnul.
             Slain by a vampire mosquito (4 damage)
             ... on level 12 of the Dungeon.
             The game lasted 01:20:46 (16542 turns).

2tc the Cleaver (Deep Dwarf Necromancer)           Turns: 16542, Time: 01:20:46

Health: 0/94       AC:  8    Str: 13    XL:     11   Next: 70%
Magic:  12/12      EV: 12    Int: 16    God:    Yredelemnul [***...]
Gold:   561        SH:  0    Dex: 13    Spells: 5/14 levels left

rFire    . . .     SeeInvis .   n - +0 hand axe (flame)
rCold    + . .     Faith    .   (no shield)
rNeg     + . .     Spirit   .   d - +3 leather armour {rC+}
rPois    .         Reflect  .   (no helmet)
rElec    .         Harm     .   i - +0 cloak
rCorr    .         Rampage  .   o - +0 pair of gloves
Will     +....                  (no boots)
Stlth    ++........             (no amulet)
HPRegen  0.00/turn              B - ring of positive energy
MPRegen  0.13/turn              (no ring)

@: unable to read
A: damage resistance, heal wounds, sense surroundings 2, no regeneration, weak
1, wild magic 1, inability to read while threatened
a: Heal Wounds, Renounce Religion, Recall Undead Slaves, Injury Mirror, Animate
Dead


You were on level 12 of the Dungeon.
You worshipped Yredelemnul.
Yredelemnul was most pleased with you.
You visited 1 branch of the dungeon, and saw 12 of its levels.
You also visited: Sewer.

You collected 561 gold pieces.

Inventory:

Hand Weapons
 e - a +0 club
 j - a +0 hand axe of freezing
 k - a +0 flail
 l - a +2 hunting sling of flaming
 n - a +0 hand axe of flaming (weapon)
Missiles
 g - 286 stones
 w - 8 atropa-tipped darts
Armour
 a - a +0 robe
 d - a +3 leather armour of cold resistance (worn)
 f - a +0 buckler
 i - a +0 cloak (worn)
 o - a +0 pair of gloves (worn)
 s - +0 acid dragon scales
Jewellery
 b - a ring of ice
 q - an amulet of guardian spirit
 u - an amulet of regeneration
 B - a ring of positive energy (left hand)
Wands
 c - a wand of flame (1)
 v - a wand of polymorph (15)
 z - a wand of acid (4)
Scrolls
 p - 3 scrolls of identify
 x - a scroll of amnesia
 y - 2 scrolls of fog
 A - a scroll of teleportation
 E - a scroll of enchant armour
Potions
 h - 3 potions of flight


   Skills:
 - Level 5.0 Fighting
 - Level 14.0 Axes
 + Level 3.5 Armour
 + Level 3.6 Dodging
 - Level 2.4 Stealth
 - Level 2.0 Spellcasting
 - Level 12.0 Necromancy
 - Level 6.0 Invocations


You had 5 spell levels left.
You knew the following spells:

 Your Spells              Type           Power      Damage    Failure   Level
a - Pain                  Necr           100%       1d9       1%          1
b - Vampiric Draining     Necr           25%        2d9       1%          3
c - Agony                 Necr           51%        N/A       8%          5

Your spell library contained the following spells:

 Spells                   Type           Power      Damage    Failure   Level
 Animate Skeleton         Necr           100%       N/A       1%          1
 Animate Dead             Necr           25%        N/A       3%          4
 Confusing Touch          Hex            2%         N/A       67%         3
 Gell's Gravitas          Tloc           1%         N/A       67%         3
 Petrify                  Tmut/Erth      2%         N/A       96%         4
 Metabolic Englaciation   Hex/Ice        1%         N/A       100%        5
 Yara's Violent Unravell  Hex/Tmut       1%         3d3       100%        5


Dungeon Overview and Level Annotations

Branches:
Dungeon (11/15)            Temple (0/1) D:7            Lair (0/6) D:11
    Orc (0/2) D:9           Sewer (visited)

Altars:
Cheibriados
Dithmenos
Elyvilon
Gozag
Makhleb
Qazlal
Trog
Uskayaw
Wu Jian
Xom
Yredelemnul

Shops:
D:5 (   D:10 ?

Portals:
Gauntlet: D:12

Annotations:
D:2 1 runed translucent door, Crazy Yiuf, Sigmund
D:5 3 runed translucent doors, Zigma's ghost, amateur DrTm
D:9 exclusion: obsidian statue


Innate Abilities, Weirdness & Mutations

You are resistant to damage.
You can heal yourself by infusing magical energy.
You passively map the area around you.
You do not regenerate.
You are weak. (Str -2)
Your spells are a little harder to cast, but a little more powerful.
You sometimes lose the ability to read scrolls when taking damage.


Message History

The vampire mosquito draws strength from your injuries!
Your phantasmal warrior hits the two-headed ogre!
The vampire mosquito moves out of view.
The vampire mosquito bites you but does no damage.
The vampire mosquito bites you.
* * * LOW HITPOINT WARNING * * *
The vampire mosquito draws strength from your injuries!
Your phantasmal warrior blinks!
The vampire mosquito closely misses you. x2
The centaur warrior shouts!
The centaur warrior shoots an arrow.
The arrow hits you!
* * * LOW HITPOINT WARNING * * *
The vampire mosquito bites you.
* * * LOW HITPOINT WARNING * * *
The vampire mosquito draws strength from your injuries!
Okay, then.
You feel much better.
The two-headed ogre is no longer covered in acid.
The vampire mosquito bites you!
* * * LOW HITPOINT WARNING * * *
The vampire mosquito draws strength from your injuries!
The vampire mosquito bites you.
* * * LOW HITPOINT WARNING * * *
The vampire mosquito draws strength from your injuries!
The centaur warrior shoots an arrow.
The arrow hits you!
* * * LOW HITPOINT WARNING * * *
The vampire mosquito bites you!
* * * LOW HITPOINT WARNING * * *
The vampire mosquito draws strength from your injuries!
Your magical essence is drained by the effort!
You feel much better.
The vampire mosquito is no longer moving slowly.
The centaur warrior shoots an arrow.
The arrow hits you!
* * * LOW HITPOINT WARNING * * *
The vampire mosquito barely misses you. x2
The centaur warrior shoots an arrow.
The arrow hits you!!
* * * LOW HITPOINT WARNING * * *
The vampire mosquito barely misses you. The vampire mosquito bites you.
You die...
Your body rises from the dead as a mindless zombie.

,,,,,,,,,,,+,,*
*,,,,>,,,,,* *,
,,,,,,,,,,,****
*,,,,,,,,,,* *,
,,,,,,,,<,,* *,,,,,,,,,,*
** **+*********
*****,****** *,,,,,,<,,**
*,,,* *********,,* ***,**
*********,** *,,*
*,,,,,,,,,,* ###########,**
*,,,,,,,,,,###@....c....,,*
*,,,,,,,,,,#Oyy.........,,*
*,,,,,,,,,,#.#....[....c,,*
*,,,,,,,,,,#.#.........y,,*
*,,,,,,,,,,#.#.........y,,*
*,,,,,,,,,,#.#.....∩...W,,*
*,,,,,,,,,,§.#..........,,*
*,,,,,,,,,.###..........,,*
*********##* *#######******


You could see a centaur warrior, a two-headed ogre and 2 vampire mosquitoes.

Vanquished Creatures
  A hydra (D:11)
  2 centaur warriors (D:10)
  A cyclops (D:10)
  Maggie (D:9)
  A freezing wraith (D:10)
  2 kobold demonologists (D:11)
  A troll (D:9)
  Grinder (D:3)
  A polar bear (D:11)
  A meliai zombie (D:10)
  A vampire (D:10)
  A centaur simulacrum (D:11)
  10 yaks
  2 wyverns
  2 wraiths
  2 acid dragons
  7 orc warriors
  A black bear (D:7)
  A sky beast (D:10)
  2 ogres (D:5)
  4 centaurs
  A necrophage (D:5)
  4 kobold brigands
  A bullfrog (D:6)
  3 scorpions
  7 howler monkeys
  4 wights (D:8)
  2 electric eels (D:11)
  6 centaur zombies
  3 hounds
  3 orc priests
  A bullfrog skeleton (D:5)
  Natasha (thrice) (D:3)
  11 orc wizards
  3 iguanas
  A killer bee zombie (D:7)
  2 howler monkey zombies
  11 gnolls
  A howler monkey skeleton (D:4)
  6 adders
  A shadow imp (D:6)
  A white imp (D:11)
  2 ufetubi (D:11)
  A worm (D:3)
  The ghost of glosham the Sneak, a weakling DjDe (D:6)
  2 dart slugs
  27 orcs
  10 ball pythons
  12 endoplasms
  3 giant cockroaches
  6 hobgoblins
  6 jackals
  24 kobolds
  5 quokkas
  2 bats (D:1)
  2 frilled lizards
  5 goblins
  5 rats
233 creatures vanquished.

Vanquished Creatures (collateral kills)
  A gargoyle (D:11)
  A kobold demonologist (D:11)
  A polar bear (D:11)
  Prince Ribbit (D:7)
  A centaur simulacrum (D:11)
  A shadow (D:6)
  3 yaks (D:10)
  A wraith (D:12)
  A wyvern (D:11)
  A vampire (D:11)
  A vampire mosquito (D:12)
  2 water moccasins
  An ice beast (D:11)
  A meliai simulacrum (D:11)
  An orc warrior (D:5)
  A necrophage (D:7)
  An ogre (D:6)
  A centaur (D:10)
  A phantom (D:6)
  A kobold brigand (D:11)
  2 bullfrogs (D:7)
  A scorpion (D:5)
  2 gnoll sergeants
  2 orc priests (D:7)
  A hound zombie (D:5)
  3 gnolls
  An adder (D:5)
  4 orcs
  A giant cockroach (D:4)
  A ball python (Sewer)
  A bat (Sewer)
  A kobold (Sewer)
  A rat (D:2)
44 creatures vanquished.

Vanquished Creatures (others)
  2 flying skulls (D:10)
  3 wraiths
  A wight (D:12)
  2 mummies (D:12)
  A white imp (D:11)
  4 yak zombies
  A cyclops zombie (D:10)
  2 adder zombies
  An electric eel zombie (D:11)
  A felid zombie (D:3)
  A giant cockroach zombie (Sewer)
  5 gnoll zombies
  3 goblin zombies
  2 hobgoblin zombies
  2 howler monkey zombies (D:8)
  An iguana zombie (D:6)
  3 kobold zombies
  4 orc zombies
  A quokka zombie (D:2)
  A rat zombie (D:2)
  A scorpion zombie (D:5)
  A worm zombie (D:3)
  2 fungi (D:2)
  20 plants
65 creatures vanquished.

Grand Total: 342 creatures vanquished

Notes
Turn   | Place    | Note
-------+----------+-------------------------------------------
     0 | D:1      | 2tc the Deep Dwarf Necromancer began the quest for the Orb.
     0 | D:1      | Reached XP level 1. HP: 15/15 MP: 3/3
   348 | D:1      | Reached XP level 2. HP: 17/22 MP: 0/4
   449 | D:1      | Reached skill level 5 in Necromancy
   470 | D:1      | Found a faded altar of an unknown god.
   482 | D:1      | Became a worshipper of Yredelemnul the Dark
   482 | D:1      | Reached * piety under Yredelemnul
  1349 | D:2      | Reached XP level 3. HP: 19/28 MP: 0/5
  1426 | D:2      | Learned a level 3 spell: Vampiric Draining
  1644 | D:2      | Noticed Sigmund
  1789 | D:2      | Found a burning altar of Makhleb.
  1868 | D:2      | Reached XP level 4. HP: 22/36 MP: 1/6
  1930 | D:2      | Gained mutation: Your spells are a little harder to cast,
                  | but a little more powerful. [potion of mutation]
  1930 | D:2      | Gained mutation: You sometimes lose the ability to read
                  | scrolls when taking damage. [potion of mutation]
  1930 | D:2      | Gained mutation: You are weak. (Str -2) [potion of
                  | mutation]
  2166 | D:2      | Found a runed translucent door.
  2167 | D:2      | Noticed Crazy Yiuf
  3160 | D:3      | Noticed Grinder
  3180 | D:3      | Paralysed by Grinder for 2 turns
  3185 | D:3      | Killed Grinder
  3186 | D:3      | Reached skill level 4 in Axes
  3186 | D:3      | Reached XP level 5. HP: 24/42 MP: 6/8
  3186 | D:3      | Reached XP level 6. HP: 28/49 MP: 6/9
  3238 | D:3      | Reached ** piety under Yredelemnul
  3523 | D:3      | Noticed Natasha
  3527 | D:3      | Killed Natasha
  3528 | D:3      | Reached skill level 5 in Axes
  3852 | D:3      | Noticed Natasha
  3859 | D:3      | Killed Natasha
  3934 | D:3      | Your ally Natasha died
  4182 | D:3      | Noticed Natasha
  4186 | D:3      | Killed Natasha
  4391 | D:4      | Reached skill level 6 in Axes
  4460 | D:4      | Found a basalt altar of Yredelemnul.
  4661 | D:4      | Found a shadowy altar of Dithmenos.
  4678 | D:4      | Reached XP level 7. HP: 47/55 MP: 10/10
  5347 | D:4      | Found a white marble altar of Elyvilon.
  5508 | D:5      | Entered Level 5 of the Dungeon
  5508 | D:5      | Found Kebolaff's Antique Weapon Shoppe.
  5527 | D:5      | Reached skill level 7 in Axes
  5527 | D:5      | Reached skill level 1 in Invocations
  5573 | D:5      | Found a snail-covered altar of Cheibriados.
  5660 | D:5      | Found a runed translucent gate.
  5661 | D:5      | Found a runed translucent gate.
  5661 | D:5      | Found a runed translucent gate.
  5662 | D:5      | Found an opulent altar of Gozag.
  5663 | D:5      | Noticed a vampire mosquito
  5663 | D:5      | Noticed Zigma's ghost (amateur DrTm)
  5664 | D:5      | Noticed a troll
  5763 | D:5      | Found a glowing drain.
  5775 | Sewer    | Entered a sewer
  5968 | Sewer    | Reached *** piety under Yredelemnul
  5975 | Sewer    | Reached XP level 8. HP: 52/62 MP: 1/11
  6247 | D:5      | Received a gift from Yredelemnul (a mummy)
  6248 | D:5      | Reached skill level 8 in Axes
  6896 | D:5      | Found an ornate altar of the Wu Jian Council.
  6910 | D:5      | Found a shimmering altar of Xom.
  6999 | D:5      | Learned a level 5 spell: Agony
  7237 | D:6      | Reached skill level 9 in Axes
  7390 | D:6      | Found a hide-covered altar of Uskayaw.
  7416 | D:6      | Found a bloodstained altar of Trog.
  7916 | D:6      | Reached skill level 10 in Axes
  7923 | D:6      | Gained mutation: You passively map the area around you.
                  | [Deep Dwarf growth]
  7923 | D:6      | Reached XP level 9. HP: 36/68 MP: 0/12
  8186 | D:6      | Received a gift from Yredelemnul (a wight)
  8205 | D:6      | Reached skill level 11 in Axes
  8588 | D:6      | Found a runed translucent door.
  8592 | D:6      | Noticed glosham's ghost (weakling DjDe)
  9178 | D:6      | Killed glosham's ghost
  9235 | D:7      | Found a staircase to the Ecumenical Temple.
  9653 | D:7      | Noticed Prince Ribbit
  9660 | D:7      | Killed Prince Ribbit
  9795 | D:7      | Reached skill level 12 in Axes
 10121 | D:7      | Received a gift from Yredelemnul (a mummy)
 10940 | D:8      | Reached **** piety under Yredelemnul
 11315 | D:8      | Found a stormy altar of Qazlal.
 11383 | D:8      | Received a gift from Yredelemnul (a wraith)
 11386 | D:8      | Reached skill level 13 in Axes
 11725 | D:9      | Noticed a troll
 11740 | D:9      | Killed a troll
 12033 | D:9      | Reached XP level 10. HP: 48/75 MP: 13/13
 12272 | D:9      | Noticed Maggie
 12299 | D:9      | Noticed an obsidian statue
 12604 | D:9      | Found a staircase to the Orcish Mines.
 12729 | D:9      | Reached skill level 14 in Axes
 12983 | D:9      | Killed Maggie
 12984 | D:9      | Reached skill level 1 in Armour
 13137 | D:10     | Entered Level 10 of the Dungeon
 13168 | D:9      | Received a gift from Yredelemnul (2 flying skulls)
 13520 | D:10     | Noticed a cyclops
 13664 | D:10     | Killed a cyclops
 13762 | D:10     | Reached skill level 10 in Necromancy
 14015 | D:10     | Received a gift from Yredelemnul (a wraith)
 14190 | D:10     | Reached skill level 5 in Invocations
 14491 | D:10     | Reached XP level 11. HP: 80/86 MP: 13/15
 14708 | D:10     | Found Degathodip's Magic Scroll Shoppe.
 14785 | D:10     | Noticed a centaur warrior
 14786 | D:10     | Noticed a centaur warrior
 14833 | D:10     | Killed a centaur warrior
 14845 | D:10     | Killed a centaur warrior
 14850 | D:10     | Received a gift from Yredelemnul (a wraith)
 15655 | D:11     | Found a staircase to the Lair.
 15773 | D:11     | Received a gift from Yredelemnul (a phantasmal warrior)
 16067 | D:11     | HP: 3/90 [meliai simulacrum (7)]
 16103 | D:11     | Noticed a six-headed hydra
 16111 | D:11     | Killed a five-headed hydra
 16118 | D:11     | Reached skill level 5 in Fighting
 16517 | D:11     | You fall into a shaft and drop 1 floor!
 16517 | D:12     | Found a gate leading to a gauntlet.
 16518 | D:12     | Noticed a centaur warrior
 16534 | D:12     | Noticed a two-headed ogre
 16541 | D:12     | HP: 4/94 [vampire mosquito (8)]
 16542 | D:12     | Slain by a vampire mosquito

Illustrated notes

Levels and vault maps discovered:
D:1:      zelgadis_glass_arrival_small, layout_basic,
          shapermc_ecumenical_altar_notcrosses, minmay_misc_feat_diagonals,
          serial_bayou_ford_a
D:2:      layout_loops_ring, basic_altar, roderic_lattice_a,
          hangedman_decor_opposing, uniq_crazy_yiuf_cottage, uniq_sigmund
D:3:      layout_loops_corners, uniq_grinder, uniq_natasha
D:4:      layout_gridville, kennysheep_ying_yang,
          nicolae_dithmenos_shadow_blocks, minmay_misc_feat_room
D:5:      layout_loops_cross, cheibriados_altar_1,
          amethyst_overflow_temple_binary, ebering_ghost_gozag, serial_shops,
          shop, portal_sewer_entry_c
D:6:      layout_basic, trog_hazing_becter, nicolae_overflow_hidden_temple,
          ebering_ghost_reflecting_pool
D:7:      layout_rooms, minmay_temple_entry_statues_fountains,
          serial_co_window_serial, co_window_paths_a,
          co_window_of_opportunity_a, co_window_cross_1,
          co_window_of_opportunity_a, co_window_of_opportunity_a,
          co_window_unsneaky_path_d, co_window_paths_c,
          co_window_unsneaky_path_a, co_window_corner_ca, co_window_broadway_a,
          co_window_of_opportunity_c, glass_columns_c, glass_columns_a,
          glass_columns_a, uniq_prince_ribbit1
D:8:      layout_loops_ring, grunt_qazlal_clouds
D:9:      layout_roguey, david_orc_4, minmay_protected_statue, uniq_maggie
D:10:     layout_gridville, serial_shops, shop, solitary_fountain,
          minmay_misc_feat_more_columns, minmay_pinched_square
D:11:     layout_gridville, dpeg_oklobed_lair, serial_ice, serial_ice_m,
          serial_ice_i, serial_ice_g, serial_ice_h, lightli_elemental_guards
D:12:     layout_roguey, gauntlet_entry_generic, uniq_sonja

Skill      XL: |  1  2  3  4  5  6  7  8  9 10 11 |
---------------+----------------------------------+-----
Necromancy     | 5 6 7 8 10 12 | 12.0
Axes           | 4 6 7 10 13 14 | 14.0
Spellcasting   | 2 |  2.0
Invocations    | 3 6 |  6.0
Armour         | 2 3 |  3.5
Fighting       | 2 5 |  5.0
Dodging        | 3 |  3.6
Stealth        | |  2.4

Action                   |  1- 3 |  4- 6 |  7- 9 | 10-12 || total
-------------------------+-------+-------+-------+-------++-------
Melee: Unarmed           |     4 |       |       |       ||     4
       Club              |    38 |    20 |       |       ||    58
       Hand axe          |       |    19 |   322 |   310 ||   651
 Fire: Hunting sling     |       |     4 |       |       ||     4
Throw: Stone             |       |     1 |       |       ||     1
       Dart              |       |       |       |     1 ||     1
 Cast: Pain              |    47 |    19 |    27 |    10 ||   103
       Vampiric Draining |     5 |    28 |    73 |    88 ||   194
Invok: Animate Remains   |     6 |     4 |     7 |       ||    17
       Animate Dead      |       |       |    16 |    19 ||    35
       Drain Life        |       |       |       |     3 ||     3
       Injury Mirror     |       |       |       |     2 ||     2
       Recall Undead Sla |       |       |       |     2 ||     2
 Abil: Heal Wounds       |       |       |       |     8 ||     8
Evoke: Wand              |       |     9 |     3 |    13 ||    25
  Use: Scroll            |     4 |     2 |    11 |     8 ||    25
       Potion            |       |     5 |     7 |    15 ||    27
 Stab: Sleeping          |       |     4 |     7 |     1 ||    12
       Distracted        |       |       |     3 |     4 ||     7
Armor: Robe              |    20 |     9 |     3 |       ||    32
       Leather armour    |       |       |   110 |   130 ||   240
       Skin              |       |       |       |     4 ||     4
Dodge: Dodged            |    45 |    32 |   178 |   227 ||   482

Table legend: (Time is in decaauts)
 A = Elapsed time spent in this place.
 B = Non-inter-level travel time spent in this place.
 C = Inter-level travel time spent in this place.
 D = Time resting spent in this place.
 E = Time spent auto-exploring this place.
 F = Levels seen in this place.
 G = Mean time per level.
                   A        B        C        D        E       F      G
               +--------+--------+--------+--------+--------+-----+--------+
         Total |  16390 |  15903 |    487 |   5803 |   7175 |  13 | 1260.8 |
       Dungeon |  15922 |  15435 |    487 |   5653 |   7020 |  12 | 1326.8 |
         Sewer |    468 |    468 |      0 |    150 |    154 |   1 |  468.0 |
               +--------+--------+--------+--------+--------+-----+--------+

Top non-repeatable levels by time:
    D:10: 2209 daAuts
     D:6: 1983 daAuts
     D:3: 1710 daAuts
     D:9: 1465 daAuts
     D:1: 1407 daAuts
     D:7: 1294 daAuts
     D:8: 1255 daAuts
     D:5: 1252 daAuts
     D:2: 1222 daAuts
     D:4: 1158 daAuts
    D:11: 934 daAuts
   Sewer: 468 daAuts
    D:12: 27 daAuts
